 Dungeon Crawl Stone Soup version 0.29.0-15-g675c0067aa (webtiles) character file.

Game seed: 8400239602379625780

99 qw the Chopper (level 4, -4/28 HPs)
             Began as a Gargoyle Fighter on Sept 12, 2022.
             Killed from afar by an orc wizard (6 damage)
             ... with a magic dart
             ... on level 3 of the Dungeon.
             The game lasted 00:00:46 (2181 turns).

qw the Chopper (Gargoyle Fighter)                   Turns: 2181, Time: 00:00:47

Health: -4/28      AC: 11    Str: 21    XL:     4   Next: 72%
Magic:  4/4        EV:  9    Int:  9    God:
Gold:   163        SH:  4    Dex:  9    Spells: 3/3 levels left

rFire   . . .      SeeInvis .   Y - +1 war axe
rCold   . . .      Faith    .   c - +0 buckler
rNeg    + . .      Spirit   .   b - +0 scale mail
rPois   inf        Reflect  .   (no helmet)
rElec   +          Harm     .   (no cloak)
rCorr   .          Rampage  .   m - +0 pair of gloves
Will    .....                   (no boots)
Stlth   ..........              g - amulet of the acrobat
HPRegen 0.09/turn               (no ring)
MPRegen 0.09/turn               (no ring)

@: no status effects
A: sickness immunity, AC +3, negative energy resistance 1, electricity
resistance, torment resistance 1, petrification resistance
a: no special abilities


You were on level 3 of the Dungeon.
You visited 1 branch of the dungeon, and saw 3 of its levels.

You collected 163 gold pieces.


Innate Abilities, Weirdness & Mutations

You are immune to sickness and miasma.
Your stone body is resilient. (AC +3)
You are immune to poison.
You resist negative energy. (rN+)
You are resistant to electric shocks. (rElec)
You are resistant to unholy torment.
You are immune to petrification.


   Skills:
 - Level 3.2 Fighting
 + Level 4.3 Axes
 - Level 3.2 Armour
 - Level 3.2 Shields


You had 3 spell levels left.
You didn't know any spells.
Your spell library was empty.

Inventory:

Hand Weapons
 p - a +0 whip
 Y - a +1 war axe (weapon)
Armour
 b - a +0 scale mail (worn)
 c - a +0 buckler (worn)
 m - a +0 pair of gloves (worn)
Jewellery
 g - an amulet of the acrobat (around neck)
Potions
 a - a potion of curing {unknown}
 d - 3 potions of might
 f - a potion of magic {unknown}
 h - a potion of attraction {unknown}
 i - a potion of ambrosia {unknown}
 j - a potion of brilliance {unknown}
 l - a potion of cancellation {unknown}

Dungeon Overview and Level Annotations

Branches:
Dungeon (3/15)

Altars:


Message History

You barely miss the quokka.
The quokka bites you but does no damage.
You block the quokka's attack.
You hit the hobgoblin.
The hobgoblin is almost dead.
You completely miss the quokka.
The quokka bites you but does no damage.
The hobgoblin hits you but does no damage.
The quokka bites you but does no damage.
You hit the hobgoblin.
You kill the hobgoblin!
You miss the quokka. You barely miss the orc wizard.
The orc wizard hits you but does no damage.
You block the quokka's attack.
The orc priest calls down the wrath of Beogh upon you.
Beogh smites you!
You hit the orc priest but do no damage.
You hit the orc. You slash the quokka!
You kill the quokka!
You block the orc's attack.
You slash the orc!
You kill the orc!
You hit the orc priest but do no damage.
You slash the orc!
You kill the orc!
The orc priest hits you but does no damage.
You hit the orc wizard.
The orc wizard is lightly wounded.
You barely miss the orc priest.
The orc priest hits you but does no damage.
The orc wizard hits you but does no damage.
You barely miss the orc wizard.
The orc wizard is lightly wounded.
You barely miss the orc priest. You block the orc priest's attack.
The orc wizard hits you with a +0 dagger.
The orc priest barely misses you. The orc wizard casts a spell at you.
The magic dart hits you.
You die...

### ####.##
...##.?...#
...:.$....####
#..
$..!!........
..
............#
.#. #.#
[.........#.#
.... ..
.($(..)o)##.#
#... #.#
#.o@###.##..#
#..
###..##....#
.####.%
##..#....#
....#.<
##.#....#
#.... #......#
##... ###">..#
#...
##...######...
#>..#........
#......###...


You could see an orc priest and an orc wizard.

Vanquished Creatures
  4 adders (D:2)
  A worm (D:2)
  A dart slug (D:2)
  3 orcs
  9 endoplasms
  8 goblins
  6 hobgoblins
  3 quokkas
  4 ball pythons
  2 bats (D:1)
  5 frilled lizards
  3 kobolds
  2 rats (D:2)
51 creatures vanquished.

Vanquished Creatures (others)
  14 plants (D:1)
14 creatures vanquished.

Grand Total: 65 creatures vanquished

Notes
Turn   | Place    | Note
-------+----------+-------------------------------------------
     0 | D:1      | qw the Gargoyle Fighter began the quest for the Orb.
     0 | D:1      | Reached XP level 1. HP: 14/14 MP: 1/1
     0 | D:1      | 0 ||| qw: Version: 0.1-a-119-g272c26d
     0 | D:1      | 0 ||| qw: Game counter: 10902
     0 | D:1      | 0 ||| qw: Always use a shield: true
     0 | D:1      | 0 ||| qw: God list: Okawaru
     0 | D:1      | 0 ||| qw: Allow faded altars: false
     0 | D:1      | 0 ||| qw: Do Orc after D:15 true
     0 | D:1      | 0 ||| qw: Do second Lair branch before Depths: true
     0 | D:1      | 0 ||| qw: Lair rune preference: random
     0 | D:1      | 0 ||| qw: Plans: Normal, Zot, God:TSO, Crypt, Tomb, Pan,
                  | Slime, Hells, Zig, Abyss, Orb
     0 | D:1      | 0 ||| PLANNING D:1-11
    33 | D:1      | Reached skill level 2 in Axes
    78 | D:1      | Reached XP level 2. HP: 17/19 MP: 2/2
   163 | D:1      | Found a faded altar of an unknown god.
   507 | D:1      | 507 ||| Stepping ~*~*~tactically~*~*~ (stealth).
   508 | D:1      | 508 ||| Stepping ~*~*~tactically~*~*~ (stealth).
   509 | D:1      | 509 ||| Stepping ~*~*~tactically~*~*~ (stealth).
   510 | D:1      | 510 ||| Stepping ~*~*~tactically~*~*~ (stealth).
   627 | D:1      | 627 ||| Stepping ~*~*~tactically~*~*~ (stealth).
   635 | D:1      | Reached skill level 3 in Axes
   840 | D:1      | Reached XP level 3. HP: 23/23 MP: 3/3
  1167 | D:1      | 1167 ||| UPGRADING to +0 pair of gloves.
  1172 | D:1      | 1172 ||| UPGRADING to amulet of the acrobat.
  1177 | D:1      | 1177 ||| READING scroll labelled DOUMME NUALUINUFA.
  1178 | D:1      | 1178 ||| READING scroll labelled HAUNKI GUCSOOZ.
  1179 | D:1      | 1179 ||| READING scroll labelled TESOUP BOTUNIULU.
  1180 | D:1      | 1180 ||| READING scroll labelled PERUME SIUXT.
  1200 | D:2      | 1200 ||| STAIRDANCE
  1246 | D:2      | 1246 ||| Stepping ~*~*~tactically~*~*~ (hiding).
  1484 | D:2      | 1484 ||| DROPPING +0 club.
  1612 | D:2      | 1612 ||| Stepping ~*~*~tactically~*~*~ (stealth).
  1628 | D:2      | 1628 ||| Stepping ~*~*~tactically~*~*~ (stealth).
  1629 | D:2      | 1629 ||| Stepping ~*~*~tactically~*~*~ (stealth).
  1633 | D:2      | Reached XP level 4. HP: 25/28 MP: 4/4
  1731 | D:2      | Reached skill level 4 in Axes
  1798 | D:2      | 1798 ||| Stepping ~*~*~tactically~*~*~ (hiding).
  1975 | D:2      | 1975 ||| DROPPING amulet of faith.
  1976 | D:2      | 1976 ||| DROPPING ring of magical power.
  1977 | D:2      | 1977 ||| READING scroll labelled KUJEOH RAKHU.
  1978 | D:2      | 1978 ||| READING scroll labelled FATIKLAHAPS.
  1979 | D:2      | 1979 ||| DRINKING 2 murky sapphire potions.
  2083 | D:2      | 2083 ||| DROPPING potion of berserk rage.
  2177 | D:3      | HP: 3/28 [orc priest/divine providence (10)]
  2181 | D:3      | Killed from afar by an orc wizard

Levels and vault maps discovered:
D:1:      lightli_arrival_farm, layout_loops_ring,
          chequers_ecumenical_altar_island, moated_statue, minivault_5,
          st_stairs_11, minmay_pentomino_o2
D:2:      layout_loops_cross
D:3:      layout_rooms

Skill      XL: |  1  2  3  4 |
---------------+-------------+-----
Axes           | 2 3 4 |  4.3
Fighting       | |  3.2
Armour         | |  3.2
Shields        | |  3.2

Action                   |  1- 3 |  4- 6 || total
-------------------------+-------+-------++-------
Melee: War axe           |    99 |    38 ||   137
  Use: Scroll            |     4 |     2 ||     6
       Potion            |       |     1 ||     1
Armor: Scale mail        |    38 |    30 ||    68
Dodge: Dodged            |    38 |    10 ||    48
Block: Buckler           |    17 |    12 ||    29

Table legend:
 A = Non-vault XP
 B = Vault XP
 C = Vault XP percentage of total XP
 D = Non-vault monster count
 E = Vault monster count
 F = Vault count percentage of total count
                 A         B        C        D         E       F
            +---------+---------+-------+---------+---------+-------
      Total |     135 |       7 |   4.9 |      47 |       4 |   7.8
            +---------+---------+-------+---------+---------+-------
        D:1 |      32 |       7 |  17.9 |      19 |       4 |  17.4
        D:2 |      88 |       0 |   0.0 |      21 |       0 |   0.0
        D:3 |      15 |       0 |   0.0 |       7 |       0 |   0.0
            +---------+---------+-------+---------+---------+-------
